Map: Estação Proxima LE

Players

Ninja

  • Race: Protoss Protoss
  • League: Grandmaster
  • Spawn Location: 1:00

TheZergLord - Winner!

  • Race: Zerg Zerg
  • League: Grandmaster
  • Spawn Location: 7:00

VOD

Have the link to the VOD?

Description

Time

  • Played on: June 12, 2017, 2:09 p.m.
  • Length: 6:39
Show
View Real Time Build Order
Export as new Build Order

Ninja Protoss 

Build Orders: Cannon Rush 

Get SALT Encoding   

  12  0:01  Probe (Chrono Boost)  
  13  0:11  Probe (Chrono Boost)  
  14  0:18  Pylon  
  14  0:22  Probe (Chrono Boost)  
  15  0:36  Probe (Chrono Boost)  
  15  0:42  Forge  
  16  0:47  Probe (Chrono Boost)  
  17  0:58  Probe (Chrono Boost)  
  17  1:01  Pylon  
  18  1:08  Probe (Chrono Boost)  
  19  1:19  Probe (Chrono Boost), Photon Cannon  
  19  1:22  Gateway  
  20  1:31  Pylon  
  20  1:34  Assimilator  
  20  1:41  Probe (Chrono Boost)  
  21  1:54  Photon Cannon  
  21  1:57  Photon Cannon  
  21  2:09  Cybernetics Core  
  21  2:20  Gateway  
  21  2:25  Gateway  
  21  2:37  Gateway  
  21  2:43  Stalker  
  23  2:52  Photon Cannon  
  23  3:03  Pylon  
  23  3:07  Photon Cannon  
  23  3:15  Pylon  
  23  3:18  Stalker  
  25  3:31  Pylon  
  25  3:34  Pylon  
  25  3:46  Mothership Core (Chrono Boost)  
  23  4:13  Stalker  
  25  4:34  Gateway  
  25  4:44  Assimilator, Stalker  
  25  4:45  Probe (Chrono Boost)  
  28  4:57  Probe (Chrono Boost)  
  29  5:02  Pylon  
  23  5:07  Adept  
  23  5:08  Adept  
  27  5:22  Adept  
  27  5:30  Adept  
  27  6:10  Probe (Chrono Boost)  
  28  6:14  Pylon  
  26  6:25  Stargate  
  26  6:26  Probe (Chrono Boost)  
Show
View Real Time Build Order
Export as new Build Order

TheZergLord Zerg - Winner!

Build Orders: Hatch First 

Get SALT Encoding   

  12  0:01  Drone  
  13  0:12  Overlord  
  13  0:18  Drone  
  14  0:31  Drone x2  
  14  0:34  Drone  
  17  0:53  Hatchery  
  17  0:56  Drone  
  17  0:59  Drone  
  17  1:01  Extractor  
  17  1:16  Spawning Pool  
  16  1:19  Drone  
  16  1:22  Drone  
  18  1:31  Drone  
  19  1:38  Extractor  
  18  1:40  Overlord  
  17  2:03  Zergling x4  
  17  2:05  Metabolic Boost  
  19  2:11  Zergling x2  
  19  2:12  Zergling x2  
  19  2:15  Queen  
  23  2:26  Zergling x4  
  25  2:52  Drone x2  
  25  2:53  Drone x3  
  30  3:00  Drone, Queen  
  33  3:15  Drone x3  
  36  3:28  Overlord x2  
  31  3:41  Queen  
  31  3:42  Zergling x2  
  31  3:43  Zergling x4  
  36  3:50  Zergling x6  
  35  4:12  Zergling x4  
  35  4:13  Zergling x10  
  42  4:29  Hatchery  
  39  4:32  Queen  
  39  4:34  Zergling x8  
  45  4:43  Zergling x2  
  46  4:50  Zergling x8, Extractor x2  
  46  4:51  Zergling x2  
  34  5:17  Drone x6  
  34  5:18  Drone  
  40  5:29  Zergling x6  
  41  5:40  Zergling x4  
  41  5:52  Zergling x8  
  41  5:57  Queen  
  41  6:02  Roach Warren  
  38  6:15  Spore Crawler  
  38  6:16  Drone x3  
  40  6:18  Spore Crawler  
  40  6:20  Zergling x2  
  40  6:21  Zergling x2  
Tags
 
Add a new tag
Caveats
  • Supply blocks, unpowered buildings, or Contaminate may cause inaccurate times.
  • Supply counts are checked every 10 seconds.